AoeStats
← Ayacucho’s Last Romantic ♡

Arena

508984126Analyzed
4v4 RM · 8d ago on Sep 24, 2026· 58m 3s· 8 players
Game mode
Random Map
Map size
Large (8 player)
Population
200
Speed
Normal
Resources
Standard
Victory
Conquest
Starting age
Dark Age
Ending age
Imperial Age
RankedLock teamsTeams togetherTeam positionsShared explorationLock speedFull tech treeHidden civsTurbo modeCheats
Victory
Defeat
🇺🇸 Mongols · United States
1516
+15
🇺🇸 Spanish · United States
1463
+17
1451
+18
🇺🇸 Persians · United States
1420
+19
🇨🇴 Burmese · Colombia
1577
-21
🇨🇴 Varangians · Colombia
1560
-20
🇨🇴 Bengalis · Colombia
1431
-15
🇦🇺 Cumans · Australia
1393
-13
Dwarf king
9:52 Feudal Age
13:47 Castle Age
12:12 Double-Bit Axe
12:34 Horse Collar
14:46 Bow Saw
15:11 Loom
24:09 Wheelbarrow
29:11 Imperial Age
26:57 Fletching
27:13 Gold Mining
27:18 Stone Mining
27:51 Hand Cart
29:27 Ballistics
29:03 Bodkin Arrow
29:55 Gold Shaft Mining
29:56 Stone Shaft Mining
29:24 Heavy Plow
29:27 Padded Archer Armor
29:43 Bloodlines
29:33 Husbandry
31:27 Chemistry
30:29 Bracer
31:22 Parthian Tactics
33:13 Elite Mangudai
34:18 Leather Archer Armor
37:09 Town Watch
40:41 Onager
44:35 Conscription
46:42 Scale Barding Armor
46:47 Forging
46:16 Light Cavalry
48:12 Hussar
50:56 Caravan
55:40 Chain Barding Armor
55:29 Siege Engineers
Fingon
11:19 Feudal Age
15:30 Castle Age
13:17 Double-Bit Axe
13:35 Horse Collar
14:06 Loom
43:35 Imperial Age
41:50 Heavy Plow
42:30 Wheelbarrow
43:26 Padded Archer Armor
43:59 Fletching
44:25 Leather Archer Armor
45:20 Chemistry
45:41 Hand Cart
45:23 Gold Mining
47:36 Fletching
48:16 Ring Archer Armor
49:23 Bodkin Arrow
50:30 Caravan
50:55 Bracer
51:31 Elite Skirmisher
Ayacucho’s Last Romantic ♡
3:15 Double-Bit Axe
9:43 Feudal Age
14:04 Castle Age
12:49 Bow Saw
12:22 Horse Collar
18:58 Fervor
19:06 Heavy Plow
20:35 Wheelbarrow
20:27 Stone Mining
27:08 Imperial Age
26:00 Hand Cart
26:21 Stone Shaft Mining
25:36 Gold Mining
26:32 Treadmill Crane
29:20 Chemistry
29:24 Two-Man Saw
28:20 Loom
28:21 Town Watch
29:40 Conscription
29:26 Burgundian Vineyards
30:01 Gold Shaft Mining
30:22 Padded Archer Armor
30:41 Town Patrol
30:45 Fletching
31:49 Leather Archer Armor
32:25 Bodkin Arrow
32:37 Scale Barding Armor
33:06 Guilds
33:17 Bracer
33:28 Forging
33:39 Chain Barding Armor
33:55 Masonry
35:00 Iron Casting
35:35 Plate Barding Armor
36:03 Architecture
35:21 Elite Coustillier
37:23 Blast Furnace
38:26 Ballistics
39:03 Hoardings
43:38 Light Cavalry
44:20 Husbandry
44:39 Hussar
56:02 Crop Rotation
57:39 Bombard Tower
58:00 Scale Mail Armor
hoffypianoman
11:18 Feudal Age
12:36 Double-Bit Axe
15:13 Castle Age
12:55 Horse Collar
16:27 Bow Saw
16:17 Heavy Plow
23:02 Wheelbarrow
23:58 Gold Mining
24:41 Hand Cart
28:53 Imperial Age
26:38 Scale Barding Armor
27:06 Forging
26:59 Loom
27:13 Stone Mining
28:00 Gold Shaft Mining
29:07 Chain Barding Armor
29:23 Iron Casting
28:40 Fletching
29:55 Ballistics
29:57 Conscription
32:14 Plate Barding Armor
32:39 Blast Furnace
31:02 Elite War Elephant
31:55 Bodkin Arrow
34:20 Crop Rotation
35:00 Two-Man Saw
34:44 Stone Shaft Mining
34:45 Devotion
35:01 Light Cavalry
38:44 Faith
37:49 Hussar
38:40 Bloodlines
41:57 Citadels
42:06 Husbandry
43:26 Hoardings
42:36 Town Watch
44:23 Block Printing
46:03 Pikeman
48:58 Masonry
50:30 Hoardings
51:55 Caravan
56:28 Architecture
56:20 Squires
ELEG | IronLeg
10:32 Feudal Age
15:35 Castle Age
13:36 Double-Bit Axe
13:33 Horse Collar
14:58 Wheelbarrow
14:47 Gold Mining
16:29 Scale Barding Armor
16:38 Bow Saw
16:44 Bloodlines
16:34 Husbandry
17:33 Heavy Plow
23:45 Loom
25:23 Chain Barding Armor
27:11 Forging
26:58 Town Watch
30:00 Hand Cart
31:05 Iron Casting
37:00 Imperial Age
35:02 Pikeman
35:28 Gambesons
35:43 Squires
35:44 Scale Mail Armor
37:23 Chain Mail Armor
37:02 Halberdier
38:44 Blast Furnace
38:37 Plate Mail Armor
38:54 Arson
40:30 Conscription
41:20 Masonry
42:11 Chemistry
42:44 Elite Jarl
45:40 Fletching
45:50 Padded Archer Armor
46:21 Treadmill Crane
47:11 Architecture
47:02 Ballistics
47:49 Stone Mining
49:00 Two-Man Saw
48:30 Crop Rotation
53:31 Light Cavalry
54:34 Caravan
55:22 Leather Archer Armor
ELEG | Lucho
6:59 Loom
10:04 Feudal Age
9:11 Loom
14:06 Castle Age
12:29 Double-Bit Axe
12:43 Loom
15:32 Bow Saw
16:01 Horse Collar
20:02 Heavy Plow
21:55 Town Watch
23:02 Wheelbarrow
22:26 Gold Mining
22:55 Fervor
24:28 Town Patrol
27:33 Imperial Age
25:05 Fletching
26:00 Bodkin Arrow
27:31 Gold Shaft Mining
26:47 Stone Mining
27:45 Padded Archer Armor
28:15 Ballistics
28:25 Hand Cart
28:50 Conscription
28:39 Bracer
29:42 Chemistry
29:46 Leather Archer Armor
29:08 Elite Elephant Archer
31:19 Ring Archer Armor
31:00 Stone Mining
33:09 Bloodlines
33:00 Husbandry
35:26 Scale Barding Armor
35:32 Siege Engineers
35:22 Murder Holes
38:15 Elite Skirmisher
49:39 Caravan
49:53 Squires
51:38 Coinage
51:26 Guilds
50:54 Pikeman
54:29 Gambesons
54:56 Crossbowman
56:48 Two-Man Saw
ELEG | perseo_777
10:10 Feudal Age
14:35 Castle Age
13:30 Loom
18:17 Gold Mining
28:34 Wheelbarrow
28:08 Town Watch
31:25 Hand Cart
31:11 Horse Collar
33:09 Sanctity
33:13 Fervor
34:18 Gold Shaft Mining
36:16 Imperial Age
38:03 Stone Mining
39:32 Atonement
42:47 Block Printing
42:21 Onager
43:45 Block Printing
45:08 Fortified Wall
48:49 Elite Skirmisher
49:28 Fletching
49:39 Padded Archer Armor
50:03 Ballistics
50:44 Chemistry
50:50 Bodkin Arrow
51:35 Redemption
54:12 Bracer
Texas Mil
8:38 Feudal Age
9:35 Double-Bit Axe
10:57 Horse Collar
16:03 Wheelbarrow
20:14 Castle Age
19:19 Scale Barding Armor
19:28 Forging
19:52 Gold Mining
20:40 Town Watch
21:05 Light Cavalry
23:31 Gold Shaft Mining
22:47 Stone Mining
23:49 Loom
24:30 Hand Cart
28:29 Imperial Age
26:42 Scale Barding Armor
28:34 Chain Barding Armor
28:29 Bloodlines
30:12 Iron Casting
30:05 Conscription
29:10 Elite Steppe Lancer
30:30 Plate Barding Armor
30:34 Steppe Husbandry
32:18 Blast Furnace
32:31 Fletching
38:51 Chemistry
38:12 Ballistics
39:28 Bodkin Arrow
41:18 Elite Skirmisher
42:00 Padded Archer Armor
43:16 Leather Archer Armor
Connection lost

Rejoining the realm…

Still unreachable

The connection could not be restored.

Session expired

The server has moved on; the page needs a fresh start.